 Dungeon Crawl Stone Soup version 0.27.1-15-g792fb953b9 (webtiles) character file.

Game seed: 1950135095229960699

859 Findor the Cudgeller (level 7, -1/55 HPs)
             Began as a Demonspawn Gladiator on Nov 20, 2021.
             Was an Initiate of Gozag.
             Slain by an ogre (21 damage)
             ... on level 5 of the Dungeon.
             The game lasted 00:05:22 (5563 turns).

Findor the Cudgeller (Demonspawn Gladiator)         Turns: 5563, Time: 00:05:23

Health: -1/55      AC: 17    Str: 16    XL:     7   Next: 71%
Magic:  0/7        EV:  5    Int: 14    God:    Gozag
Gold:   170        SH:  0    Dex: 14    Spells: 6/6 levels left

rFire    . . .     SeeInvis .   r - +0 flail (vorpal)
rCold    . . .     Faith    .   (no shield)
rNeg     . . .     Spirit   +   o - +0 plate armour
rPois    .         Reflect  .   c - +0 helmet
rElec    .         Harm     .   (no cloak)
rCorr    .         Rampage  .   q - +0 pair of gloves
Will     .....                  (no boots)
Stlth    ..........             p - amulet of guardian spirit
HPRegen  0.18/turn              u - +4 ring of protection
MPRegen  0.10/turn              (no ring)

@: gold aura
A: claws 1, ignite blood 2, spiny 1, big brain 2
a: Renounce Religion, Potion Petition, Call Merchant, Bribe Branch


You were on level 5 of the Dungeon.
You worshipped Gozag.
Gozag was aware of your devotion.
You visited 2 branches of the dungeon, and saw 6 of its levels.

You collected 253 gold pieces.
You paid 83 gold pieces to Gozag.


Innate Abilities, Weirdness & Mutations

You have sharp fingernails.
Your demonic aura often causes spilled blood to erupt in flames.
You are partially covered in sharp spines.
You have an extremely huge brain. (Int +4)


   Skills:
 + Level 4.5 Fighting
 * Level 6.5 Maces & Flails
 - Level 1.7 Throwing
 + Level 3.4 Armour
 - Level 2.6 Dodging


You had 6 spell levels left.
You didn't know any spells.
Your spell library contained the following spells:

 Spells                   Type           Power      Damage    Failure   Level
 Passwall                 Tmut/Erth      0%         N/A       100%        2
 Swiftness                Air            0%         N/A       100%        3
 Invisibility             Hex            0%         N/A       100%        6

Inventory:

Hand Weapons
 r - a +0 vorpal flail (weapon)
   (You took it off an orc on level 3 of the Dungeon)
Missiles
 a - 6 poisoned darts
 d - 3 throwing nets (quivered) {!f}
Armour
 c - a +0 helmet (worn)
 o - a +0 plate armour (worn)
   (You found it on level 2 of the Dungeon)
 q - a +0 pair of gloves (worn)
   (You found it on level 3 of the Dungeon)
Jewellery
 g - an amulet of reflection
   (You found it on level 1 of the Dungeon)
 p - an amulet of guardian spirit (around neck)
   (You found it on level 3 of the Dungeon)
 u - a +4 ring of protection (left hand)
   (You found it on level 4 of the Dungeon)
Wands
 n - a wand of mindburst (18)
   (You found it on level 2 of the Dungeon)
Scrolls
 b - 3 scrolls of fear {unknown}
 f - 2 scrolls of identify {unknown}
 h - 3 scrolls of teleportation {unknown}
 i - a scroll of vulnerability {unknown}
 j - a scroll of brand weapon {unknown}
 k - 4 scrolls of immolation {unknown}
 m - a scroll of summoning {unknown}
 v - a scroll of enchant weapon {unknown}
Potions
 e - 2 potions of heal wounds {unknown}
 l - a potion of degeneration {unknown}
 s - a potion of attraction {unknown}
 t - a potion of lignification {unknown}
 w - a potion of ambrosia {unknown}
 x - a potion of might {unknown}


Message History

No target in view!
No target in view!
No target in view!
No target in view!
No target in view!
No target in view!
Unknown command.
You now have 142 gold pieces (gained 17).
You see here a +0 giant spiked club.
You now have 160 gold pieces (gained 18).
Unknown command.
There is a stone staircase leading up here.
Found 10 gold pieces.
You now have 170 gold pieces (gained 10).
You open the large door.
An ogre and a skeleton come into view.
Found 13 gold pieces.
A bullfrog skeleton is nearby!
A bullfrog skeleton is nearby!
There is a large open door here.
You barely miss the ogre. The ogre is struck by your spines.
The ogre hits you with a +0 giant club.
The bullfrog skeleton is struck by your spines.
The bullfrog skeleton hits you but does no damage.
Found 15 sling bullets and 20 arrows.
Your plate armour prevents you from hitting the bullfrog skeleton.
The bullfrog skeleton is struck by your spines.
The bullfrog skeleton hits you but does no damage.
The ogre hits you but does no damage.
You hit the bullfrog skeleton.
The bullfrog skeleton is struck by your spines.
The bullfrog skeleton barely misses you.
The ogre is struck by your spines. The ogre hits you with a +0 giant club!
You hit the bullfrog skeleton.
The bullfrog skeleton barely misses you.
The bullfrog skeleton hits you.
You hit the bullfrog skeleton. The ogre barely misses you.
The bullfrog skeleton hits you but does no damage.
You completely miss the bullfrog skeleton.
The bullfrog skeleton is struck by your spines.
You destroy the bullfrog skeleton!
The ogre is struck by your spines.
The ogre hits you with a +0 giant club!!
* * * LOW HITPOINT WARNING * * *
Unknown command.
Unknown command.
You sock the ogre! The ogre is struck by your spines.
The ogre hits you with a +0 giant club!!
You die...
Your body crumbles into a pile of gold.

#.#######........(.# ########.#.#
#......###.........# .........#.#
..####.###.........# .........#.#
#...##..........##########...##.#
<##..#..........#≈≈≈≈§≈≈ #...##.#
.###...###......#≈≈≈.§≈≈ #...##.#
..###.## #......#≈≈8..8§ #...##.#
..###.#####.....'$..$..§ #...##.#
...#.....##.....@O.§((.§ #...##.#
.#....##........#≈≈8..8≈ ##.###.#
......#####.....#≈§≈..≈≈ #.# #.#
.###..#####..#..#≈≈≈≈≈≈≈ #.# #.#
# #...........######### ##.# #.#
# #.#......###....### ##.># #># #
#....)#..###.#....## #..## #.#
####..#..#........##..###.## #.#
.##...#.##.8.8.8..###...#.# #.#


You could see an ogre.

Vanquished Creatures
  A black bear (D:4)
  An ogre (D:5)
  A phantom (D:4)
  A scorpion (D:5)
  A water moccasin skeleton (D:5)
  3 hounds
  A bullfrog skeleton (D:5)
  A gnoll shaman (D:3)
  2 jellies (D:4)
  Jessica (D:2)
  2 iguanas
  Natasha (thrice) (D:3)
  Terence (D:3)
  An adder (D:5)
  5 gnolls (D:3)
  An adder skeleton (D:4)
  2 dart slugs (D:4)
  An orc (D:3)
  4 ball pythons
  7 bats
  2 endoplasms
  A giant cockroach (D:3)
  5 goblins
  8 hobgoblins
  6 jackals
  4 kobolds
  4 quokkas
  2 frilled lizards
  4 rats
76 creatures vanquished.

Vanquished Creatures (others)
  3 fungi (D:4)
  2 toadstools (D:4)
5 creatures vanquished.

Grand Total: 81 creatures vanquished

Notes
Turn   | Place    | Note
-------+----------+-------------------------------------------
     0 | D:1      | Findor the Demonspawn Gladiator began the quest for the
                  | Orb.
     0 | D:1      | Reached XP level 1. HP: 16/16 MP: 1/1
   145 | D:1      | Reached skill level 3 in Maces & Flails
   162 | D:1      | Gained mutation: You have sharp fingernails. [demonic
                  | ancestry]
   162 | D:1      | Reached XP level 2. HP: 10/22 MP: 2/2
   508 | D:1      | Found a faded altar of an unknown god.
  1634 | D:2      | Noticed Jessica
  1638 | D:2      | Killed Jessica
  1639 | D:2      | Reached skill level 4 in Maces & Flails
  1639 | D:2      | Gained mutation: Your demonic aura sometimes causes spilled
                  | blood to erupt in flames. [demonic ancestry]
  1639 | D:2      | Reached XP level 3. HP: 27/27 MP: 3/3
  2354 | D:3      | Noticed Natasha
  2366 | D:3      | Killed Natasha
  2367 | D:3      | Reached skill level 1 in Armour
  2367 | D:3      | Gained mutation: You have an unusually large brain. (Int
                  | +2) [demonic ancestry]
  2367 | D:3      | Reached XP level 4. HP: 17/34 MP: 1/4
  2608 | D:3      | Gained mutation: You are partially covered in sharp spines.
                  | [demonic ancestry]
  2608 | D:3      | Reached XP level 5. HP: 21/40 MP: 5/5
  2895 | D:3      | Noticed Natasha
  2907 | D:3      | Killed Natasha
  2908 | D:3      | Reached skill level 3 in Fighting
  3255 | D:3      | Noticed Natasha
  3264 | D:3      | Killed Natasha
  3417 | D:3      | Found a runed translucent door.
  3418 | D:3      | Noticed Crazy Yiuf
  3485 | D:3      | Noticed Terence
  3497 | D:3      | Killed Terence
  3498 | D:3      | Reached skill level 5 in Maces & Flails
  3585 | D:3      | Gained mutation: Your demonic aura often causes spilled
                  | blood to erupt in flames. [demonic ancestry]
  3585 | D:3      | Reached XP level 6. HP: 47/47 MP: 6/6
  3997 | D:4      | Found a transporter.
  3997 | D:4      | Noticed njkz123's ghost (amateur DrFi)
  4002 | D:4      | Found a transporter.
  4301 | D:4      | Gained mutation: You have an extremely huge brain. (Int +4)
                  | [demonic ancestry]
  4301 | D:4      | Reached XP level 7. HP: 32/53 MP: 4/7
  4608 | D:5      | Entered Level 5 of the Dungeon
  4647 | D:5      | Reached skill level 6 in Maces & Flails
  4647 | D:5      | Reached skill level 3 in Armour
  4656 | D:5      | Found a staircase to the Ecumenical Temple.
  4667 | Temple   | Entered the Ecumenical Temple
  4967 | Temple   | Became a worshipper of Gozag Ym Sagoz the Greedy
  5563 | D:5      | Slain by an ogre

Levels and vault maps discovered:
D:1:      wheals_arrival_linesprint, layout_loops_ring, basic_ecumenical_altar,
          minmay_bisected
D:2:      layout_loops_corners, lightli_corner_chamber, uniq_jessica
D:3:      layout_loops_corners, uniq_terence, uniq_crazy_yiuf_cottage,
          uniq_natasha
D:4:      layout_rooms, gammafunk_ghost_mausoleum, minmay_gold_behind_fungi,
          grunt_ministairs_1
D:5:      layout_rooms, minmay_temple_entry_statues_fountains,
          kennysheep_generic_room_5
Temple:   dpeg_five_rooms_temple

Action                   |  1- 3 |  4- 6 |  7- 9 || total
-------------------------+-------+-------+-------++-------
Melee: Flail             |    98 |   102 |    31 ||   231
Evoke: Wand              |       |     1 |       ||     1
  Use: Scroll            |       |     1 |       ||     1
Armor: Leather armour    |    21 |       |       ||    21
       Plate armour      |    31 |    70 |    19 ||   120
Dodge: Dodged            |    40 |    26 |     7 ||    73
Block: Other             |    28 |       |       ||    28
       Reflection        |     1 |       |       ||     1
